 Dungeon Crawl Stone Soup version 0.26-a0-690-gcb57259078 (webtiles) character file.

Game seed: 13958238874822738629

3564 ANON1729 the Covert (level 10, -2/72 HPs)
             Began as an Octopode Chaos Knight on Oct 24, 2020.
             Was a Plaything of Xom.
             Slain by a sky beast (5 damage)
             ... on level 8 of the Dungeon.
             The game lasted 00:10:54 (8241 turns).

ANON1729 the Covert (Octopode Chaos Knight)         Turns: 8241, Time: 00:10:54

Health: -2/72      AC:  1    Str: 14    XL:     10   Next: 9%
Magic:  3/3        EV: 18    Int: 14    God:    Xom [.....*]
Gold:   934        SH:  0    Dex: 17    Spells: 9/9 levels left

rFire    + . .     SeeInvis .   e - +4 great sword (antimagic)
rCold    + . .     Faith    .   (shield currently unavailable)
rNeg     . . .     Spirit   .   (helmet restricted)
rPois    +         Reflect  .   s - amulet of the acrobat
rElec    .         Harm     .   y - ring "Dirr" {rC+ Dex+6 Stlth+}
rCorr    .         Rampage  .   (no ring)
MR       .....                  (no ring)
Stlth    ++++++....             (no ring)
HPRegen  0.22/turn              (no ring)
MPRegen  0.08/turn              (no ring)
                                (no ring)
                                (no ring)

@: no status effects
A: almost no armour, stealthy swim, amphibious, 8 rings, constrict 8, antennae
1, tentacle spike 1, camouflage 1, blurry vision 1, fire resistance 1, sense
surroundings 1, poison resistance, weak 1, wild magic 1, gelatinous body 1,
evolution 1
a: Renounce Religion


You were on level 8 of the Dungeon.
You worshipped Xom.
You were Xom's teddy bear.
You visited 2 branches of the dungeon, and saw 9 of its levels.

You collected 961 gold pieces.
You spent 27 gold pieces at shops.

Inventory:

Hand Weapons
 a - a +0 falchion of chaos
 e - a +4 antimagic great sword (weapon)
Missiles
 g - 7 silver boomerangs (quivered)
Jewellery
 h - an uncursed amulet of faith
 s - an amulet of the acrobat (around mantle)
 y - the ring "Dirr" (left tentacle) {rC+ Dex+6 Stlth+}
   (You found it on level 7 of the Dungeon)

   [ring of dexterity]

   It affects your dexterity (+6).
   It protects you from cold.
   It makes you more stealthy.
Wands
 o - a wand of paralysis (11)
 q - a wand of acid (5)
 t - a wand of random effects (11)
 u - a wand of disintegration (7)
Scrolls
 c - 5 scrolls of teleportation
 d - 6 scrolls of amnesia
 f - 2 scrolls of fear
 i - 2 scrolls of fog
 j - 6 scrolls of enchant armour
 k - 5 scrolls of remove curse
 n - a scroll of immolation
 x - a scroll of blinking {unknown}
 B - a scroll of enchant weapon {unknown}
Potions
 b - a potion of haste
 l - a potion of cancellation
 m - a potion of lignification {unknown}
 p - a potion of stabbing {unknown}
 r - 4 potions of curing
 v - a potion of resistance {unknown}
 w - a potion of flight
 z - a potion of mutation {unknown}
 A - a potion of might {unknown}


   Skills:
 + Level 7.6 Fighting
 + Level 7.7 Long Blades
 + Level 7.5 Dodging
 + Level 9.4 Stealth
 + Level 2.3 Evocations


You had 9 spell levels left.
You didn't know any spells.
Your spell library contained the following spells:

 Spells                   Type           Power        Failure   Level
 Confusing Touch          Hex            #.......     73%         3
 Gell's Gravitas          Tloc           #.........   73%         3
 Petrify                  Tmut/Erth      #.......     98%         4
 Metabolic Englaciation   Hex/Ice        #.........   100%        5
 Yara's Violent Unravell  Hex/Tmut       #.........   100%        5


Dungeon Overview and Level Annotations

Branches:
Dungeon (8/15)             Temple (1/1) D:4
   Lair: D:8-11

Altars:
Ashenzari
Cheibriados
Dithmenos
Elyvilon
Fedhas
Gozag
Hepliaklqana
Kikubaaqudgha
Makhleb
Nemelex Xobeh
Okawaru
Qazlal
Ru
Sif Muna
Trog
Uskayaw
Vehumet
Wu Jian
Xom
Yredelemnul
Zin
The Shining One

Shops:
D:6 [   D:7 *}=


Innate Abilities, Weirdness & Mutations

You cannot wear most types of armour.
You are very stealthy in the water. (Stealth+)
You are amphibious.
You can wear up to eight rings at the same time.
You can use your tentacles to constrict eight enemies at once.
Your skin changes colour to match your surroundings (Stealth+).
Your rubbery body absorbs attacks. (AC +1, EV +1)
You have a pair of small antennae on your head.
One of your tentacles bears a spike.
Scrolls take you a little longer to read.
Your flesh is heat resistant. (rF+)
You passively map a small area around you.
Your system is resistant to poisons. (rPois)
You are weak. (Str -2)
Your spells are a little harder to cast, but a little more powerful.
You evolve.


Message History

* * * LOW HITPOINT WARNING * * *
Something shocks you.
* * * LOW HITPOINT WARNING * * *
Unknown command.
You feel better. Something hits you.
* * * LOW HITPOINT WARNING * * *
Something shocks you.
* * * LOW HITPOINT WARNING * * *
Xom thinks this is hilarious!
You feel better. Something hits you.
* * * LOW HITPOINT WARNING * * *
Something shocks you.
* * * LOW HITPOINT WARNING * * *
You feel better.
A sky beast appears from thin air!
Reactivating autopickup.
The sky beast hits you.
* * * LOW HITPOINT WARNING * * *
The sky beast shocks you.
You die... "It was about time."

* , . ... , ....
, #. .#K# ,#..
..., ,, * . #..
#.#** * ,
..#..###.### ,
........)Y@#
.......#.)## # ,,
, .##..#..(..#.#
,
.....#...(.#.##.
* *
#...........B.
,##.#.#(........
, *
.............###
,..#.#.#..#.#####
. #.#..........#
,


You could see a sky beast.

Vanquished Creatures
  Pikel (D:5)
  Maggie (D:6)
  Menkaure (D:4)
  Duvessa (D:7)
  2 orc warriors
  An ice beast (D:7)
  A sky beast (D:5)
  3 ogres
  2 phantoms
  A tengu (D:7)
  3 centaurs
  2 lemures (D:5)
  3 big kobolds
  2 bullfrogs (D:6)
  Dowan (D:7)
  4 howler monkeys
  A quasit (D:6)
  An orc priest (D:8)
  2 hounds
  5 jellies
  2 iguanas
  8 orc wizards
  6 worker ants
  A hound skeleton (D:5)
  2 gnolls (D:1)
  7 adders
  5 white imps
  3 ufetubi
  6 oozes
  A worm (D:2)
  2 dart slugs (D:1)
  3 leopard geckos
  13 orcs
  2 ball pythons
  4 giant cockroaches
  6 goblins
  13 hobgoblins
  9 jackals
  4 quokkas
  A ball python skeleton (D:4)
  10 bats
  4 frilled lizards
  15 kobolds
  A quokka skeleton (D:5)
  2 quokka zombies
  7 rats
175 creatures vanquished.

Vanquished Creatures (collateral kills)
  Sigmund (D:3)
  An orc (D:7)
  A hobgoblin (D:3)
3 creatures vanquished.

Vanquished Creatures (others)
  An orc (D:2)
  7 fungi (D:7)
  A plant (D:6)
  10 toadstools (D:7)
19 creatures vanquished.

Grand Total: 197 creatures vanquished

Notes
Turn   | Place    | Note
-------+----------+-------------------------------------------
     0 | D:1      | ANON1729 the Octopode Chaos Knight began the quest for the
                  | Orb.
     0 | D:1      | Reached XP level 1. HP: 16/16 MP: 1/1
   180 | D:1      | XOM: silly message
   397 | D:1      | XOM: butterfly on damage
   402 | D:1      | Reached XP level 2. HP: 6/21 MP: 2/2
   659 | D:1      | XOM: blink monster(s)
   728 | D:1      | Found a sparkling altar of Nemelex Xobeh.
   734 | D:1      | Reached XP level 3. HP: 15/26 MP: 3/3
   952 | D:1      | XOM: polymorph hobgoblin -> gnoll
  1336 | D:1      | XOM: god gift: glowing great sword {god gift}
  1450 | D:1      | XOM: god gift: 7 silver boomerangs
  1496 | D:2      | Reached XP level 4. HP: 32/32 MP: 1/4
  1591 | D:2      | XOM: god gift: 634 gold pieces
  1865 | D:2      | Reached skill level 1 in Stealth
  1867 | D:2      | XOM: destruction
  1868 | D:2      | Reached XP level 5. HP: 26/37 MP: 1/5
  1870 | D:2      | XOM: confuse monster(s)
  1872 | D:2      | Reached skill level 2 in Stealth
  1953 | D:2      | XOM is BORED!
  2061 | D:2      | XOM: god gift: scroll labeled ATIXZU DYVVYF {god gift}
  2398 | D:2      | XOM: god gift: scroll labeled TIFERH OPIESOI {god gift}
  2443 | D:2      | XOM: scenery: create altars
  2806 | D:3      | XOM: give mutations
  2806 | D:3      | Gained mutation: One of your tentacles bears a spike.
                  | [Xom's grace]
  2806 | D:3      | Gained mutation: You are robust. (+10% HP) [Xom's grace]
  2806 | D:3      | Gained mutation: Your spells are a little harder to cast,
                  | but a little more powerful. [Xom's grace]
  2831 | D:3      | Noticed Sigmund
  2837 | D:3      | Killed Sigmund
  2837 | D:3      | Reached skill level 3 in Stealth
  2837 | D:3      | Reached XP level 6. HP: 48/48 MP: 2/6
  3124 | D:3      | XOM: scenery: create altars
  3136 | D:3      | XOM: 4-stop teleportation journey
  3331 | D:3      | XOM: give mutations
  3331 | D:3      | Gained mutation: You have a pair of small antennae on your
                  | head. [Xom's grace]
  3331 | D:3      | Gained mutation: Your flesh is heat resistant. (rF+) [Xom's
                  | grace]
  3452 | D:4      | XOM: give mutations
  3452 | D:4      | Gained mutation: Your system is resistant to poisons.
                  | (rPois) [Xom's grace]
  3452 | D:4      | Gained mutation: You passively map a small area around you.
                  | [Xom's grace]
  3495 | D:4      | XOM: summons friendly quasit
  3497 | D:4      | XOM: butterfly on damage
  3605 | D:4      | Found a radiant altar of Vehumet.
  3650 | D:4      | Found a staircase to the Ecumenical Temple.
  3660 | Temple   | Entered the Ecumenical Temple
  3690 | Temple   | XOM: god gift: wand of paralysis (11)
  3746 | Temple   | XOM: scenery: create altars
  3922 | D:4      | XOM: scenery: 1 doors open
  3995 | D:4      | Noticed Menkaure
  3997 | D:4      | Killed Menkaure
  3997 | D:4      | Reached skill level 4 in Stealth
  3997 | D:4      | Reached XP level 7. HP: 53/53 MP: 2/7
  4234 | D:4      | XOM: 1-stop teleportation journey
  4430 | D:4      | Identified the +1 leather armour of Atiriawk {Dex+4}
  4460 | D:4      | XOM: cloud trail
  4584 | D:5      | Entered Level 5 of the Dungeon
  4636 | D:5      | Reached skill level 5 in Long Blades
  4655 | D:5      | Reached skill level 5 in Fighting
  4757 | D:5      | XOM: 10-stop teleportation journey
  4837 | D:5      | Reached skill level 5 in Stealth
  4840 | D:5      | Reached skill level 5 in Dodging
  5128 | D:5      | XOM: 3-stop teleportation journey
  5137 | D:5      | XOM: god gift: barding {god gift}
  5167 | D:5      | Reached XP level 8. HP: 60/60 MP: 2/8
  5175 | D:5      | Noticed Pikel
  5178 | D:5      | XOM: destruction
  5182 | D:5      | Killed Pikel
  5182 | D:5      | Reached skill level 6 in Stealth
  5201 | D:5      | XOM is BORED!
  5649 | D:6      | Found Jineysa's Armour Shop.
  5720 | D:6      | Reached skill level 7 in Stealth
  5957 | D:6      | Reached XP level 9. HP: 62/69 MP: 3/9
  5993 | D:6      | XOM: 2-stop teleportation journey
  5998 | D:6      | XOM: enchant monster (bad)
  6005 | D:6      | Noticed Maggie
  6018 | D:6      | Killed Maggie
  6020 | D:6      | XOM: enchant monster (bad)
  6025 | D:6      | Reached skill level 8 in Stealth
  6323 | D:6      | XOM: give mutation
  6323 | D:6      | Gained mutation: Scrolls take you a little longer to read.
                  | [Xom's mischief]
  6432 | D:6      | XOM: give mutation
  6432 | D:6      | Gained mutation: Scrolls take you longer to read. [Xom's
                  | mischief]
  6443 | D:6      | XOM: noise
  6445 | D:6      | XOM: summons 2 hostile demons
  6451 | D:6      | HP: 2/70 [white imp[Xom] (5)]
  6458 | D:6      | XOM: give mutations
  6458 | D:6      | Gained mutation: You are weak. (Str -2) [Xom's mischief]
  6458 | D:6      | Lost mutation: You are robust. (+10% HP) [Xom's mischief]
  6950 | D:7      | XOM: 1-stop teleportation journey
  6955 | D:7      | XOM: polymorph orc warrior -> tengu
  6957 | D:7      | Found Qupeptol's Gadget Boutique.
  6957 | D:7      | XOM: 2-stop teleportation journey
  7075 | D:7      | XOM: summons 4 friendly demons
  7179 | D:7      | Got a twitching golden ring
  7190 | D:7      | Identified the ring "Dirr" {rC+ Dex+6 Stlth+} (You found it
                  | on level 7 of the Dungeon)
  7204 | D:7      | XOM: swap monsters
  7254 | D:7      | XOM: give mutations
  7254 | D:7      | Gained mutation: You evolve. [Xom's mischief]
  7254 | D:7      | Lost mutation: Scrolls take you longer to read. [Xom's
                  | mischief]
  7293 | D:7      | Found Yklir's Assorted Antiques.
  7296 | D:7      | Bought an emerald potion for 27 gold pieces
  7328 | D:7      | Noticed Duvessa
  7328 | D:7      | Noticed Dowan
  7357 | D:7      | Killed Dowan
  7357 | D:7      | Reached skill level 9 in Stealth
  7414 | D:7      | XOM: noise
  7417 | D:7      | Reached skill level 1 in Evocations
  7508 | D:7      | Found Paith's Jewellery Shoppe.
  7678 | D:7      | XOM: summons friendly crimson imp
  7693 | D:7      | Killed Duvessa
  8022 | D:8      | Reached XP level 10. HP: 56/71 MP: 3/10
  8238 | D:8      | HP: 1/72 [something (5)]
  8241 | D:8      | Slain by a sky beast

Illustrated notes

Levels and vault maps discovered:
D:1:      heliophobic_arrival_battle_scene, layout_basic,
          nemelex_xobeh_ov_fountains_minmay
D:2:      layout_loops_cross
D:3:      layout_basic, uniq_sigmund
D:4:      layout_basic, lemuel_crystal_altar, minmay_temple_entry_offerings,
          minmay_unequal, uniq_menkaure
D:5:      layout_basic, uniq_pikel
D:6:      layout_basic, serial_shops, shop, serial_bayou_pond_b, uniq_maggie
D:7:      cheibrodos_fertilizer, layout_basic, serial_shops, shop,
          nicolae_shop_behind_doors, shop, hangedman_decor_opposing,
          uniq_duvessa
D:8:      layout_basic, enter_bailey_2, serial_co_window_serial,
          co_window_paths_a, co_window_paths_b, co_window_cross_1,
          co_window_paths_b, co_window_paths_a, co_window_corner_b,
          co_window_broadway_b, co_window_2corner, glass_columns_a,
          glass_columns_c, glass_columns_b
Temple:   minmay_crystal_snake_temple

Skill      XL: |  1  2  3  4  5  6  7  8  9 10 |
---------------+-------------------------------+-----
Dodging        | 3 4 5 6 7 |  7.5
Stealth        | 1 3 4 5 7 9 |  9.4
Fighting       | 4 5 6 7 |  7.6
Long Blades    | 4 5 6 7 |  7.7
Evocations     | 1 2 |  2.3

Action                   |  1- 3 |  4- 6 |  7- 9 | 10-12 || total
-------------------------+-------+-------+-------+-------++-------
Melee: Falchion          |    51 |       |       |       ||    51
       Constrict         |    19 |    14 |    35 |     7 ||    75
       Tentacles         |     8 |     7 |    44 |     3 ||    62
       Great sword       |     3 |    69 |   154 |    18 ||   244
       Kick              |       |     3 |    57 |    10 ||    70
  Use: Scroll            |       |     5 |     9 |       ||    14
       Potion            |       |       |       |     3 ||     3
 Stab: Sleeping          |     4 |     7 |    14 |       ||    25
       Paralysed         |     2 |       |       |       ||     2
       Confused          |       |       |     3 |       ||     3
       Distracted        |       |       |     2 |       ||     2
Armor: Skin              |     6 |     5 |     8 |       ||    19
Dodge: Dodged            |    43 |    57 |   171 |    37 ||   308
       Rpst.: Falchion   |    16 |       |       |       ||    16
       Great sword       |       |    17 |    53 |    10 ||    80

Table legend: (Time is in decaauts)
 A = Elapsed time spent in this place.
 B = Non-inter-level travel time spent in this place.
 C = Inter-level travel time spent in this place.
 D = Time resting spent in this place.
 E = Time spent auto-exploring this place.
 F = Levels seen in this place.
 G = Mean time per level.
                   A        B        C        D        E       F      G
               +--------+--------+--------+--------+--------+-----+--------+
         Total |   8345 |   8120 |    225 |   1518 |   5408 |   9 |  927.2 |
       Dungeon |   8156 |   7960 |    196 |   1518 |   5252 |   8 | 1019.5 |
        Temple |    188 |    159 |     29 |      0 |    156 |   1 |  188.0 |
               +--------+--------+--------+--------+--------+-----+--------+

Top non-repeatable levels by time:
     D:1: 1491 daAuts
     D:6: 1310 daAuts
     D:7: 1192 daAuts
     D:2: 1169 daAuts
     D:4: 969 daAuts
     D:5: 954 daAuts
     D:3: 809 daAuts
     D:8: 260 daAuts
  Temple: 188 daAuts
